 Dungeon Crawl Stone Soup version 0.20-a0-1109-ge3cd172 (webtiles) character file.

130 EvilAshe the Magician (level 4, 0/24 HPs)
             Began as a Deep Elf Wizard on May 4, 2017.
             Killed from afar by an orc wizard (7 damage)
             ... with a puff of frost
             ... on level 4 of the Dungeon.
             The game lasted 00:09:49 (2830 turns).

EvilAshe the Magician (Deep Elf Wizard)             Turns: 2830, Time: 00:09:49

Health: 0/24       AC:  2    Str:  4    XL:     4   Next: 89%
Magic:  15/22      EV: 13    Int: 24    God:
Gold:   127        SH:  0    Dex: 13    Spells: 0/13 levels left

rFire    . . .     SeeInvis .   l - +1 spear
rCold    . . .     Gourm    .   (no shield)
rNeg     . . .     Faith    +   a - +0 robe
rPois    .         Spirit   .   b - +0 hat
rElec    .         Reflect  .   (no cloak)
rCorr    .         Harm     .   (no gloves)
MR       .....                  (no boots)
Stlth    ++........             r - amulet of faith
Regen    0.1/turn               h - ring of magical power
MPRegen  0.2/turn               q - ring of wizardry

@: no status effects
A: no striking features
a: no special abilities


You were on level 4 of the Dungeon.
You were not hungry.

You visited 1 branch of the dungeon, and saw 4 of its levels.

You collected 127 gold pieces.

Inventory:

Hand Weapons
 l - a +1 spear (weapon)
Armour
 a - a +0 robe (worn)
 b - a +0 hat (worn)
Jewellery
 h - a ring of magical power (left hand)
 q - a ring of wizardry (right hand)
 r - an amulet of faith (around neck)
 v - an uncursed ring of magical power
Scrolls
 e - a scroll of immolation {unknown}
 f - a scroll of fog {unknown}
 g - 5 scrolls of enchant weapon
 i - a scroll of identify
 j - a scroll of noise {unknown}
 n - a scroll of teleportation {unknown}
 u - a scroll of magic mapping {unknown}
 y - a scroll of random uselessness {unknown}
Potions
 m - a potion of heal wounds
 o - a potion of flight
 p - a potion of brilliance
 t - a potion of lignification
 w - a potion of curing {unknown}
 z - a potion of cancellation {unknown}
Books
 c - a book of Minor Magic

   Spells                             Type                      Level
   a - Magic Dart                     Conjuration                  1
   b - Blink                          Translocation                2
   c - Call Imp                       Summoning                    2
   d - Slow                           Hexes                        2
   e - Conjure Flame                  Conjuration/Fire             3
   f - Mephitic Cloud                 Conjuration/Poison/Air       3
Comestibles
 d - 3 bread rations
 k - 4 fruits
 s - 3 meat rations
 x - 2 chunks of flesh


   Skills:
 + Level 3.7 Dodging
 + Level 2.8 Stealth
 + Level 5.3 Spellcasting
 + Level 3.2 Conjurations
 - Level 1.1 Summonings
 - Level 1.1 Translocations
 + Level 1.2 Poison Magic


You couldn't memorise any spells.
You knew the following spells:

 Your Spells              Type           Power        Failure   Level  Hunger
a - Magic Dart            Conj           ###.         1%          1    None
b - Blink                 Tloc           N/A          3%          2    None
c - Conjure Flame         Conj/Fire      ##......     5%          3    ##.....
i - Call Imp              Summ           ##......     3%          2    None
m - Mephitic Cloud        Conj/Pois/Air  ##......     6%          3    ##.....
s - Slow                  Hex            #.......     5%          2    None


Dungeon Overview and Level Annotations

Branches:
Dungeon (4/15)
 Temple: D:4-7

Altars:

Annotations:
D:3 EvilAshe's ghost, amateur DEWz


Message History

The orc wizard flickers and vanishes!
Deactivating autopickup; reactivate with Ctrl-A.
Casting: Mephitic Cloud
Confirm with . or Enter, or press ? or * to list all spells.
You don't know that spell.
Casting: Mephitic Cloud
Confirm with . or Enter, or press ? or * to list all spells.
Aiming: Slow
Press: ? - help, Shift-Dir - straight line, f - iguana
Aim: an iguana (lightly wounded, chance to defeat MR: 50%)
The iguana resists with some effort.
The iguana bites you! Something hits you. Something hits you.
Something hits you.
* * * LOW HITPOINT WARNING * * *
There is a stone staircase leading up here.
You hear some strange, mumbled words.
A puff of frost appears from out of thin air!
The puff of frost hits you!
You die...

.. #.# #..## #.. #.#
##<# ##..# ##..#
#..###..## ##...# ##..##
#..#....###....# #..###
#..............# #.....
#.............# #.....
.###............# ##....
.................##.....
###....@....###.........
#######.l.## #........
##...## #.....#.
##...###.......
##............
#......###### #.....##
##.....# ###......#


You could see an iguana.

Vanquished Creatures
  An orc wizard (D:4)
  2 adders
  An ooze (D:2)
  An adder skeleton (D:4)
  3 dart slugs
  2 leopard geckos
  4 orcs (D:4)
  6 giant cockroaches
  4 hobgoblins
  7 jackals
  6 kobolds
  A ball python (D:1)
  5 bats
  A frilled lizard (D:2)
  12 goblins
  A rat (D:2)
57 creatures vanquished.

Vanquished Creatures (collateral kills)
  A frilled lizard (D:3)
  A kobold (D:3)
  A rat (D:3)
3 creatures vanquished.

Grand Total: 60 creatures vanquished

Notes
Turn   | Place    | Note
-------+----------+-------------------------------------------
     0 | D:1      | EvilAshe the Deep Elf Wizard began the quest for the Orb.
     0 | D:1      | Reached XP level 1. HP: 10/10 MP: 7/7
   241 | D:1      | Reached XP level 2. HP: 15/15 MP: 4/9
   247 | D:1      | Learned a level 2 spell: Blink
   250 | D:1      | Learned a level 2 spell: Call Imp
   930 | D:1      | Reached XP level 3. HP: 16/19 MP: 0/11
  1025 | D:1      | Learned a level 3 spell: Conjure Flame
  1029 | D:1      | Learned a level 3 spell: Mephitic Cloud
  1507 | D:2      | Reached skill level 5 in Spellcasting
  1929 | D:2      | Reached XP level 4. HP: 24/24 MP: 9/13
  2145 | D:2      | Learned a level 2 spell: Slow
  2322 | D:3      | Noticed EvilAshe's ghost (amateur DEWz)
  2753 | D:4      | Reached skill level 1 in Poison Magic
  2830 | D:4      | Killed from afar by an orc wizard

Vault maps used:
D:1:      dpeg_arrival_signposts
D:2:      kennysheep_the_goblin_king
D:3:      minmay_diamond_boxcup, first_bread
D:4:      elyvilon_altar_4, glass_columns_a

Skill      XL: |  1  2  3  4 |
---------------+-------------+-----
Conjurations   | 2 3 |  3.2
Dodging        | 3 |  3.7
Spellcasting   | 5 |  5.3
Poison Magic   | 1 |  1.2
Stealth        | |  2.8
Summonings     | |  1.1
Translocations | |  1.1

Action                   |  1- 3 |  4- 6 || total
-------------------------+-------+-------++-------
Melee: Unarmed           |     3 |       ||     3
       Spear             |    14 |     3 ||    17
 Cast: Magic Dart        |    86 |    43 ||   129
       Conjure Flame     |     3 |     3 ||     6
       Call Imp          |       |     3 ||     3
       Slow              |       |     1 ||     1
       Mephitic Cloud    |       |     1 ||     1
  Use: Scroll            |     1 |     4 ||     5
 Stab: Sleeping          |     1 |     1 ||     2
  Eat: Chunk             |     3 |     3 ||     6
Armor: Robe              |     5 |     1 ||     6
Dodge: Dodged            |    20 |     6 ||    26
